 Dungeon Crawl Stone Soup version 0.28-a0-1159-g27aa881441 (webtiles) character file.

Game seed: 39438735154879669

1736 emperorscorpion the Firebug (level 9, -8/65 HPs)
             Began as a Gnoll Fire Elementalist on Dec 15, 2021.
             Was a Follower of Uskayaw.
             Mangled by a gnoll (11 damage)
             ... on level 6 of the Dungeon.
             The game lasted 00:14:05 (7846 turns).

emperorscorpion the Firebug (GnFE)                  Turns: 7846, Time: 00:14:06

Health: -8/65      AC: -1    Str:  9    XL:     9   Next: 5%
Magic:  6/18       EV:  9    Int: 18    God:    Uskayaw [*.....]
Gold:   287        SH:  5    Dex: 12    Spells: 14/20 levels left

rFire   . . .      SeeInvis .   a - +1 whip (elec)
rCold   + . .      Faith    .   (no shield)
rNeg    . . .      Spirit   .   d - +0 scale mail
rPois   .          Reflect  +   k - +0 helmet
rElec   .          Harm     .   (no cloak)
rCorr   .          Rampage  .   (no gloves)
Will    .....                   l - +1 pair of boots
Stlth   +.........              g - amulet of reflection
HPRegen 0.20/turn               t - ring of protection from cold
MPRegen 0.16/turn               (no ring)

@: silenced, corroded
A: fangs 1, strong nose, distributed training
a: Renounce Religion


You were on level 6 of the Dungeon.
You worshipped Uskayaw.
Uskayaw was noncommittal.
You visited 2 branches of the dungeon, and saw 7 of its levels.

You collected 287 gold pieces.

Inventory:

Hand Weapons
 a - a +1 whip of electrocution (weapon)
 c - a +1 war axe
Missiles
 e - 18 poisoned darts
 f - 44 bolts
 r - 21 arrows
Armour
 d - a +0 scale mail (worn)
 j - a +0 plate armour
 k - a +0 helmet (worn)
 l - a +1 pair of boots (worn)
 u - a +0 robe
 v - a +2 robe of willpower
Jewellery
 g - an amulet of reflection (around neck)
 t - a ring of protection from cold (left hand)
Wands
 m - a wand of iceblast (6)
 p - a wand of flame (13)
 s - a wand of mindburst (7)
Scrolls
 h - 2 scrolls of identify
Potions
 b - 3 potions of lignification
 i - a potion of heal wounds {unknown}
 n - 2 potions of mutation {unknown}
 q - a potion of might {unknown}


   Skills:
 + Level 3.8 Fighting
 + Level 3.8 Short Blades
 + Level 3.8 Long Blades
 + Level 3.8 Axes
 + Level 3.8 Maces & Flails
 + Level 3.8 Polearms
 + Level 3.8 Staves
 + Level 3.8 Slings
 + Level 3.8 Bows
 + Level 3.8 Crossbows
 + Level 3.8 Throwing
 + Level 3.8 Armour
 + Level 6.0 Dodging
 + Level 5.7 Stealth
 + Level 3.8 Shields
 + Level 3.8 Unarmed Combat
 + Level 6.3 Spellcasting
 + Level 3.9 Conjurations
 + Level 3.1 Hexes
 + Level 3.1 Summonings
 + Level 3.1 Necromancy
 + Level 3.1 Translocations
 + Level 3.1 Transmutations
 + Level 6.3 Fire Magic
 + Level 3.1 Ice Magic
 + Level 3.1 Air Magic
 + Level 3.1 Earth Magic
 + Level 3.1 Poison Magic
 + Level 4.2 Invocations
 + Level 3.8 Evocations


You had 14 spell levels left.
You knew the following spells:

 Your Spells              Type           Power      Damage    Failure   Level
a - Foxfire               Conj/Fire      96%        2x1d8     10%         1
b - Scorch                Fire           56%        2d8       9%          2
c - Mephitic Cloud        Conj/Pois/Air  18%        N/A       52%         3

Your spell library contained the following spells:

 Spells                   Type           Power      Damage    Failure   Level
 Magic Dart               Conj           76%        1d6       17%         1
 Conjure Flame            Conj/Fire      24%        6-21      30%         3
 Call Imp                 Summ           17%        N/A       32%         2
 Ensorcelled Hibernation  Hex/Ice        34%        N/A       32%         2
 Inner Flame              Hex/Fire       22%        N/A       34%         3
 Tukima's Dance           Hex            17%        N/A       54%         3
 Flame Wave               Conj/Fire      24%        2d6       69%         4


Dungeon Overview and Level Annotations

Branches:
Dungeon (6/15)             Temple (1/1) D:6

Altars:
Cheibriados
Dithmenos
Elyvilon
Fedhas
Gozag
Kikubaaqudgha
Makhleb
Ru
Sif Muna
Trog
Uskayaw
Vehumet
Yredelemnul
Zin
The Shining One


Innate Abilities, Weirdness & Mutations

You have very sharp teeth.
Your uncanny sense of smell can sniff out nearby items.
Your experience applies equally to all skills.


Message History

The iceblast engulfs the gnoll shaman!
The gnoll shaman is almost dead.
The gnoll hits you from afar with a +0 spear.
The jelly hits you but does no damage.
You can now pass through a line of other dancers.
Unknown command.
Unknown command.
Okay, then.
Aiming: Line Pass
Press: ? - help, Dir - move target, p - gnoll The jelly appears confused.
The gnoll appears confused.
You can no longer pass through a line of other dancers.
The gnoll shaman calls upon its god to heal the gnoll.
The gnoll is healed somewhat.
Unknown command.
Okay, then.
Aiming: Iceblast
Press: ? - help, Shift-Dir - straight line, f - jelly
Aim: a jelly (almost dead, confused)
The mass of ice explodes!
The iceblast engulfs the jelly!
You kill the jelly!
The iceblast engulfs the gnoll shaman!!
You kill the gnoll shaman!
The gnoll shaman barely misses you.
As you read the scroll labelled ERELUSMIOQY, it crumbles to dust.
You speak a Word of immense power!
It was a scroll of holy word.
The gnoll seems less confused.
The gnoll hits you with a +0 spear. You block the gnoll shaman's attack.
The gnoll hits you with a +0 spear. The jelly hits you. The acid corrodes you!
You are splashed with acid.
As you read the scroll labelled RUGOJI LAIL, it crumbles to dust.
A profound silence engulfs you.
It was a scroll of silence.
The gnoll hits you with a +0 spear. You block the gnoll shaman's attack.
The jelly hits you.
You are splashed with acid!
* * * LOW HITPOINT WARNING * * *
Unknown command.
Okay, then.
The gnoll hits you with a +0 spear!
* * * LOW HITPOINT WARNING * * *
The gnoll hits you with a +0 spear!
You die...

#.......#.#
##....<....#
#........#
#.......
#.....#
#..)# ##J)#
#gg# #)@#
#.)# ##.##
##..# ##..##
###..##
###...##
#.....##
#..###..###


You could see a gnoll shaman, a jelly and a gnoll (fast).

Vanquished Creatures
  Pikel (D:5)
  A steam dragon (D:3)
  Menkaure (D:5)
  An ice beast (D:5)
  An ogre (D:4)
  3 lemures (D:5)
  A scorpion (D:5)
  A water moccasin zombie (D:6)
  A water moccasin skeleton (D:5)
  A howler monkey (D:5)
  2 bullfrog zombies (D:5)
  A centaur zombie (D:5)
  2 hounds
  A jelly (D:6)
  A bullfrog skeleton (D:5)
  A gnoll shaman (D:6)
  An iguana (D:5)
  Natasha (thrice) (D:3)
  A hound zombie (D:5)
  Robin (D:3)
  8 gnolls
  8 adders
  2 shadow imps (D:3)
  An ufetubus (D:6)
  An adder skeleton (D:4)
  2 worms (D:2)
  2 dart slugs
  3 orcs (D:3)
  4 bats
  7 endoplasms
  A giant cockroach (D:3)
  9 goblins
  6 hobgoblins
  4 quokkas
  6 ball pythons
  4 frilled lizards
  3 kobolds
  4 rats
101 creatures vanquished.

Vanquished Creatures (collateral kills)
  A gnoll (D:6)
  6 foxfires (D:3)
7 creatures vanquished.

Vanquished Creatures (others)
  A shadow imp (D:3)
  254 foxfires
  3 plants (D:3)
258 creatures vanquished.

Grand Total: 366 creatures vanquished

Notes
Turn   | Place    | Note
-------+----------+-------------------------------------------
     0 | D:1      | emperorscorpion the Gnoll Fire Elementalist began the quest
                  | for the Orb.
     0 | D:1      | Reached XP level 1. HP: 13/13 MP: 6/6
   152 | D:1      | Found a faded altar of an unknown god.
   395 | D:1      | Reached XP level 2. HP: 16/19 MP: 7/7
  1582 | D:2      | Reached skill level 5 in Spellcasting
  1582 | D:2      | Reached XP level 3. HP: 19/25 MP: 7/9
  1868 | D:2      | Reached skill level 1 in Invocations
  2051 | D:2      | Reached skill level 1 in Fighting
  2051 | D:2      | Reached skill level 1 in Short Blades
  2051 | D:2      | Reached skill level 1 in Long Blades
  2051 | D:2      | Reached skill level 1 in Axes
  2051 | D:2      | Reached skill level 1 in Maces & Flails
  2051 | D:2      | Reached skill level 1 in Polearms
  2051 | D:2      | Reached skill level 1 in Staves
  2051 | D:2      | Reached skill level 1 in Slings
  2051 | D:2      | Reached skill level 1 in Bows
  2051 | D:2      | Reached skill level 1 in Crossbows
  2051 | D:2      | Reached skill level 1 in Throwing
  2051 | D:2      | Reached skill level 1 in Armour
  2051 | D:2      | Reached skill level 1 in Shields
  2051 | D:2      | Reached skill level 1 in Unarmed Combat
  2051 | D:2      | Reached skill level 1 in Evocations
  2184 | D:2      | Reached XP level 4. HP: 32/32 MP: 11/11
  2451 | D:3      | Noticed Robin
  2456 | D:3      | Reached skill level 1 in Hexes
  2456 | D:3      | Reached skill level 1 in Summonings
  2456 | D:3      | Reached skill level 1 in Necromancy
  2456 | D:3      | Reached skill level 1 in Translocations
  2456 | D:3      | Reached skill level 1 in Transmutations
  2456 | D:3      | Reached skill level 1 in Ice Magic
  2456 | D:3      | Reached skill level 1 in Air Magic
  2456 | D:3      | Reached skill level 1 in Earth Magic
  2456 | D:3      | Reached skill level 1 in Poison Magic
  2462 | D:3      | Killed Robin
  2590 | D:3      | Found a burning altar of Makhleb.
  2769 | D:3      | Found a transporter.
  2811 | D:3      | Reached XP level 5. HP: 33/37 MP: 0/12
  2813 | D:3      | Noticed a steam dragon
  2813 | D:3      | an orc priest changed into a steam dragon
  2835 | D:3      | Killed a steam dragon
  2836 | D:3      | Reached XP level 6. HP: 43/44 MP: 8/13
  2951 | D:3      | Found a transporter.
  3174 | D:3      | Noticed Natasha
  3184 | D:3      | Killed Natasha
  3602 | D:3      | Noticed Natasha
  3610 | D:3      | Killed Natasha
  3611 | D:3      | Reached skill level 5 in Dodging
  3614 | D:3      | Learned a level 2 spell: Scorch
  3682 | D:3      | Noticed Natasha
  3687 | D:3      | Killed Natasha
  4321 | D:4      | Learned a level 3 spell: Mephitic Cloud
  4486 | D:4      | Reached XP level 7. HP: 50/50 MP: 4/15
  4849 | D:5      | Entered Level 5 of the Dungeon
  5206 | D:5      | Found an opulent altar of Gozag.
  5239 | D:5      | Noticed Menkaure
  5242 | D:5      | Killed Menkaure
  5243 | D:5      | Reached skill level 5 in Stealth
  5454 | D:5      | Reached XP level 8. HP: 57/57 MP: 4/16
  5549 | D:5      | Found a large runed translucent door.
  5550 | D:5      | Found a large runed translucent door.
  5562 | D:5      | Found a glowing golden altar of the Shining One.
  5669 | D:5      | Found a sacrificial altar of Ru.
  6367 | D:5      | Noticed Pikel
  7092 | D:5      | Killed Pikel
  7234 | D:5      | Found an opulent altar of Gozag.
  7468 | D:5      | Found a sacrificial altar of Ru.
  7471 | D:5      | Found a glowing golden altar of the Shining One.
  7754 | D:6      | Found a staircase to the Ecumenical Temple.
  7760 | Temple   | Entered the Ecumenical Temple
  7765 | Temple   | Became a worshipper of Uskayaw the Reveller
  7825 | D:6      | Reached * piety under Uskayaw
  7829 | D:6      | Reached ** piety under Uskayaw
  7830 | D:6      | Reached XP level 9. HP: 65/65 MP: 12/18
  7846 | D:6      | HP: 3/65 [gnoll (9)]
  7846 | D:6      | Mangled by a gnoll

Illustrated notes

Levels and vault maps discovered:
D:1:      dpeg_arrival_tiny_c, layout_basic, hellmonk_ecumenical_altar_run_dry,
          palyth_stone_intersect
D:2:      layout_loops_ring
D:3:      gammafunk_wand_slinger, layout_rooms, bloody_makhleb,
          serial_co_window_serial, co_window_of_opportunity_a,
          co_window_paths_a, co_window_paths_a, co_window_of_opportunity_a,
          co_window_corner_a, co_window_corner_ca, co_window_broadway_c,
          co_window_cross_4, co_window_paths_c, co_window_paths_c,
          co_window_paths_c, minmay_distorted, uniq_natasha, uniq_robin
D:4:      layout_basic, grunt_decor_junction
D:5:      wander_river, layout_loops_corners, nicolae_gozag_seed_capital,
          jmf_multi_god_temple2, uniq_menkaure, uniq_pikel
D:6:      nicolae_cairo_tiling_large_dashed, layout_layer_cave,
          amcnicky_altar_gilded, temple_green, minmay_checkerbox, uniq_maggie
Temple:   minmay_freezing_vapour_temple

Skill      XL: |  1  2  3  4  5  6  7  8 |
---------------+-------------------------+-----
Conjurations   | 2 3 |  3.9
Spellcasting   | 5 6 |  6.3
Invocations    | 1 2 3 4 |  4.2
Fighting       | 1 2 3 |  3.8
Short Blades   | 1 2 3 |  3.8
Long Blades    | 1 2 3 |  3.8
Axes           | 1 2 3 |  3.8
Maces & Flails | 1 2 3 |  3.8
Polearms       | 1 2 3 |  3.8
Staves         | 1 2 3 |  3.8
Slings         | 1 2 3 |  3.8
Bows           | 1 2 3 |  3.8
Crossbows      | 1 2 3 |  3.8
Throwing       | 1 2 3 |  3.8
Armour         | 1 2 3 |  3.8
Shields        | 1 2 3 |  3.8
Unarmed Combat | 1 2 3 |  3.8
Evocations     | 1 2 3 |  3.8
Hexes          | 1 2 3 |  3.1
Summonings     | 1 2 3 |  3.1
Necromancy     | 1 2 3 |  3.1
Translocations | 1 2 3 |  3.1
Transmutations | 1 2 3 |  3.1
Ice Magic      | 1 2 3 |  3.1
Air Magic      | 1 2 3 |  3.1
Earth Magic    | 1 2 3 |  3.1
Poison Magic   | 1 2 3 |  3.1
Dodging        | 5 6 |  6.0
Stealth        | 5 |  5.7
Fire Magic     | 6 |  6.3

Action                   |  1- 3 |  4- 6 |  7- 9 || total
-------------------------+-------+-------+-------++-------
Melee: War axe           |    72 |    33 |    11 ||   116
       Bite              |     5 |     2 |     2 ||     9
       Whip              |       |       |     5 ||     5
 Cast: Foxfire           |    19 |    68 |    64 ||   151
       Scorch            |       |     8 |    40 ||    48
Invok: Line Pass         |       |       |     2 ||     2
Evoke: Wand              |       |     3 |    12 ||    15
  Use: Scroll            |     1 |     2 |     2 ||     5
       Potion            |       |     5 |       ||     5
 Stab: Invisible         |       |     1 |       ||     1
Armor: Scale mail        |    36 |    20 |    18 ||    74
       Robe              |     1 |       |       ||     1
       Skin              |       |    25 |       ||    25
Dodge: Dodged            |    27 |    16 |    24 ||    67
Block: Other             |    18 |    14 |     9 ||    41

Table legend: (Time is in decaauts)
 A = Elapsed time spent in this place.
 B = Non-inter-level travel time spent in this place.
 C = Inter-level travel time spent in this place.
 D = Time resting spent in this place.
 E = Time spent auto-exploring this place.
 F = Levels seen in this place.
 G = Mean time per level.
                   A        B        C        D        E       F      G
               +--------+--------+--------+--------+--------+-----+--------+
         Total |   7932 |   7759 |    173 |      0 |   6810 |   7 | 1133.1 |
       Dungeon |   7921 |   7752 |    169 |      0 |   6810 |   6 | 1320.2 |
        Temple |     10 |      6 |      4 |      0 |      0 |   1 |   10.0 |
               +--------+--------+--------+--------+--------+-----+--------+

Top non-repeatable levels by time:
     D:5: 2683 daAuts
     D:3: 1496 daAuts
     D:1: 1373 daAuts
     D:2: 1063 daAuts
     D:4: 1056 daAuts
     D:6: 248 daAuts
  Temple: 10 daAuts
